 Dungeon Crawl Stone Soup version 0.31.0-1-g2c135a008e (webtiles) character file.

Game seed: 13950086549386187636

141 qw the Shooter (level 5, -2/40 HPs)
             Began as a Djinni Hunter on Jan 23, 2024.
             Slain by a river rat (5 damage)
             ... in a sewer.
             The game lasted 00:00:06 (1664 turns).

qw the Shooter (Djinni Hunter)                      Turns: 1664, Time: 00:00:07

Health: -2/40      AC:  5    Str: 10    XL:     5   Next: 48%
Gold:   103        EV: 11    Int: 11    God:
                   SH:  0    Dex: 18

rFire   + + .        a - +0 shortbow
rCold   . . .        (shield currently unavailable)
rNeg    . . .        e - +0 ring mail
rPois   inf          (no helmet)
rElec   .            (no cloak)
rCorr   .            (no gloves)
SInv    .            (boots unavailable)
Will    .....        (no amulet)
Stlth   +            d - ring of protection from cold
HPRegen 0.26/turn    (no ring)
MPRegen 0.00/turn

%: infuse magic (-3 HP)
@: flying
A: sickness immunity, fire resistance 2, cold vulnerability 1, float, innate
caster, HP casting, extra vitality 1
a: no special abilities


You were in a sewer.
You visited 1 branch of the dungeon, and saw 3 of its levels.
You also visited: Sewer.

You collected 103 gold pieces.


Innate Abilities, Weirdness & Mutations

You are immune to sickness and miasma.
You are immune to poison.
Your flesh is very heat resistant. (rF++)
You are vulnerable to cold. (rC-)
You float through the air rather than walking.
You learn spells naturally, not from books.
Your magical power is your life essence.
You have superior vitality. (+4 MHP)


   Skills:
 - Level 3.6 Fighting
 + Level 4.4 Ranged Weapons
 - Level 1.0 Armour
 - Level 2.1 Dodging
 - Level 0.7 Stealth


You knew the following spells:

 Your Spells              Type           Power      Damage    Failure   Level
a - Summon Small Mammal   Summ           0%         N/A       65%         1
b - Call Imp              Summ           0%         N/A       80%         2
Your spell library was empty.

Inventory:

Hand Weapons
 a - a +0 shortbow (weapon)
Armour
 e - a +0 ring mail (worn)
Jewellery
 d - a ring of protection from cold (left hand)
Wands
 h - a wand of acid (5)
Potions
 f - a potion of haste
 g - a potion of might

Dungeon Overview and Level Annotations

Branches:
Dungeon (3/15)              Sewer (1/1)

Altars:

Shops:
D:1 [


Message History

The arrow hits the river rat but does no damage.
The river rat is lightly wounded.
The rat bites you but does no damage. The rat misses you.
The river rat barely misses you. x2; The rat barely misses you.
You shoot an arrow. The arrow hits the river rat.
The river rat is moderately wounded.
The rat barely misses you.
The river rat bites you but does no damage.
The river rat closely misses you.
The rat splashes around in the water.
The rat bites you. The river rat bites you. The river rat misses you.
1658 ||| DRINKING potion of heal wounds.
You feel much better. The rat barely misses you.
The rat bites you but does no damage.
The river rat bites you but does no damage.
The river rat closely misses you.
You shoot an arrow. The arrow closely misses the river rat.
The rat bites you. The rat closely misses you. The river rat bites you.
The river rat barely misses you.
You shoot an arrow. The arrow hits the river rat.
The river rat is heavily wounded.
The rat bites you. The rat barely misses you. The river rat bites you.
The river rat closely misses you. The rat closely misses you.
The rat bites you.
You shoot an arrow. The arrow hits the river rat.
You kill the river rat!
The river rat bites you but does no damage.
The rat closely misses you. The rat misses you.
The river rat closely misses you.
You shoot an arrow. The arrow hits the river rat.
The river rat is lightly wounded.
The rat misses you. The rat bites you but does no damage.
The river rat closely misses you.
You shoot an arrow. The arrow hits the river rat.
The river rat is heavily wounded.
The rat splashes around in the water.
The rat closely misses you. The river rat bites you.
The rat closely misses you. The rat barely misses you.
You shoot an arrow. The arrow hits the river rat.
The river rat is severely wounded.
The river rat bites you!
The rat splashes around in the water.
The rat bites you. The river rat bites you.
You die...

~...
#~.~
...
##~~#
#~~~
#.~#
#r%#
#@\#
#rr#
#..#
#~.~
##..#
.~.
#~.~
.~..


You could see a river rat and 2 rats.

Vanquished Creatures
  A bombardier beetle (D:3)
  4 adders
  2 river rats (Sewer)
  A dart slug (D:2)
  5 endoplasms
  4 giant cockroaches
  3 goblins
  5 hobgoblins
  3 jackals (D:1)
  4 quokkas
  4 ball pythons
  3 bats
  3 frilled lizards
  7 kobolds
  4 rats
53 creatures vanquished.

Notes
Turn   | Place    | Note
-------+----------+-------------------------------------------
     0 | D:1      | qw the Djinni Hunter began the quest for the Orb.
     0 | D:1      | Reached XP level 1. HP: 18/18 MP: 0/0
     0 | D:1      | 0 ||| qw: Version: 0.3-a-136-gdd3b4e8
     0 | D:1      | 0 ||| qw: Game counter: 1068
     0 | D:1      | 0 ||| qw: Melee chars always use a shield: true
     0 | D:1      | 0 ||| qw: God list: Okawaru
     0 | D:1      | 0 ||| qw: Allow faded altars: false
     0 | D:1      | 0 ||| qw: Do Orc after clearing Dungeon:15 true
     0 | D:1      | 0 ||| qw: Do second Lair branch before Depths: true
     0 | D:1      | 0 ||| qw: Lair rune preference: random
     0 | D:1      | 0 ||| qw: Goals: Normal
     0 | D:1      | 0 ||| PLANNING D:1-11
   148 | D:1      | Found Geluxt's Antique Armour Shoppe.
   151 | D:1      | 151 ||| SHOPLISTING helmet (139 gold, have 0).
   151 | D:1      | 151 ||| SHOPLISTING shiny helmet (232 gold, have 0).
   224 | D:1      | Reached XP level 2. HP: 23/23 MP: 0/0
   236 | D:1      | Found a faded altar of an unknown god.
   623 | D:1      | Reached XP level 3. HP: 28/28 MP: 0/0
   623 | D:1      | Learned a level 1 spell: Summon Small Mammal
   790 | D:1      | 790 ||| UPGRADING to +0 ring mail.
   800 | D:1      | 800 ||| DROPPING +0 leather armour.
   801 | D:1      | 801 ||| READING 3 scrolls labelled DAKATACILO.
   802 | D:1      | 802 ||| READING scroll labelled LIUFUS OFUEN.
   805 | D:1      | 805 ||| DROPPING scroll of butterflies.
   806 | D:1      | 806 ||| DROPPING 2 scrolls of blinking.
   814 | D:2      | 814 ||| STAIRDANCE
   818 | D:2      | 818 ||| STAIRDANCE
   822 | D:1      | Reached skill level 4 in Ranged Weapons
   904 | D:2      | Reached skill level 1 in Armour
  1066 | D:2      | Reached XP level 4. HP: 34/34 MP: 0/0
  1181 | D:2      | 1181 ||| DROPPING ring of wizardry.
  1182 | D:2      | 1182 ||| UPGRADING to ring of protection from cold.
  1183 | D:2      | 1183 ||| READING 4 scrolls labelled BUIRHY YSEMP.
  1183 | D:2      | 1183 ||| IDENTIFYING pink potion
  1184 | D:2      | 1184 ||| READING 3 scrolls of identify.
  1184 | D:2      | 1184 ||| IDENTIFYING amethyst potion
  1207 | D:3      | 1207 ||| PLANNING SEWER
  1321 | D:3      | Reached skill level 3 in Fighting
  1419 | D:3      | Reached XP level 5. HP: 38/40 MP: 0/0
  1419 | D:3      | Learned a level 2 spell: Call Imp
  1624 | D:3      | Found a glowing drain.
  1631 | D:3      | 1631 ||| READING 2 scrolls of identify.
  1631 | D:3      | 1631 ||| IDENTIFYING fizzy purple potion
  1632 | D:3      | 1632 ||| READING scroll of identify.
  1632 | D:3      | 1632 ||| IDENTIFYING scroll labelled VEUBLE WIXT
  1633 | D:3      | 1633 ||| READING scroll labelled TOESTE FAOLESH.
  1634 | D:3      | 1634 ||| DROPPING scroll of vulnerability.
  1642 | Sewer    | Entered a sewer
  1657 | Sewer    | HP: 7/40 [river rat (4)]
  1658 | Sewer    | 1658 ||| DRINKING potion of heal wounds.
  1664 | Sewer    | HP: 6/40 [river rat (7)]
  1664 | Sewer    | Slain by a river rat

Levels and vault maps discovered:
D:1:      dpeg_arrival_pond, layout_basic, serial_shops,
          nicolae_shop_behind_doors, shapermc_ecumenical_altar_flowoftime,
          st_stairs_8, minmay_misc_feat_ornament, minmay_liquid_box
D:2:      layout_rooms
D:3:      minmay_skewed_foursquare, layout_basic, gup_sewer_entry_pipe,
          kennysheep_generic_room_16
Sewer:    sewer_hellmonk_bad_rat

Skill      XL: |  1  2  3  4 |
---------------+-------------+-----
Ranged Weapons | 4 |  4.4
Armour         | 1 |  1.0
Fighting       | 3 |  3.6
Dodging        | |  2.1
Stealth        | |  0.7

Action                     |  1- 3 |  4- 6 || total
---------------------------+-------+-------++-------
   Fire: Shortbow          |    96 |    63 ||   159
    Use: Scroll            |     2 |     5 ||     7
         Potion            |       |     1 ||     1
 Armour: Leather armour    |    14 |       ||    14
         Ring mail         |    11 |    42 ||    53
  Dodge: Dodged            |    29 |    44 ||    73

Table legend:
 A = Non-vault XP
 B = Vault XP
 C = Vault XP percentage of total XP
 D = Non-vault monster count
 E = Vault monster count
 F = Vault count percentage of total count
                 A         B        C        D         E       F
            +---------+---------+-------+---------+---------+-------
      Total |      83 |     119 |  58.9 |      38 |      15 |  28.3
            +---------+---------+-------+---------+---------+-------
        D:1 |      29 |       2 |   6.5 |      18 |       1 |   5.3
        D:2 |      38 |       0 |   0.0 |      17 |       0 |   0.0
        D:3 |      16 |      89 |  84.8 |       3 |      10 |  76.9
      Sewer |       0 |      28 | 100.0 |       0 |       4 | 100.0
            +---------+---------+-------+---------+---------+-------
